 Dungeon Crawl Stone Soup version 0.18.1-6-gd335043 (webtiles) character file.

3488 mistymad the Blocker (level 10, -1/79 HPs)
             Began as a Formicid Fighter on May 21, 2016.
             Was an Elder of Cheibriados.
             Slain by an orc warrior
             ... wielding a +2 dire flail of protection
              (20 damage)
             ... on level 6 of the Dungeon.
             The game lasted 00:27:48 (8915 turns).

mistymad the Blocker (Formicid Fighter)             Turns: 8915, Time: 00:27:49

Health: -1/79      AC: 10    Str: 31    XL:     10   Next: 27%
Magic:  1/14       EV: 14    Int: 19    God:    Cheibriados [****..]
Gold:   345        SH: 13    Dex: 22    Spells: 0 memorised, 9 levels left

rFire  . . .     SeeInvis +     a - +0 war axe
rCold  . . .     Gourm    .     b - +0 scale mail
rNeg   . . .     Faith    .     c - +0 shield
rPois  .         Spirit   .     (helmet unavailable)
rElec  .         Dismiss  .     r - +0 cloak
rCorr  .         Reflect  .     e - +0 pair of gloves
SustAt +         Harm     .     (no boots)
MR     +....                    y - amulet of magic regeneration
Stlth  ..........               (no ring)
                                h - ring of sustain attributes

@: very slow, somewhat resistant to hostile enchantments, extremely unstealthy
A: permanent stasis, dig shafts and tunnels, four strong arms, antennae 3
a: Dig, Shaft Self, Bend Time, Temporal Distortion, Slouch, Renounce Religion


You were on level 6 of the Dungeon.
You worshipped Cheibriados.
Cheibriados was greatly pleased with you.
You were not hungry.

You visited 1 branch of the dungeon, and saw 6 of its levels.
You also visited: Sewer.

You collected 345 gold pieces.

Inventory:

Hand Weapons
 a - a +0 war axe (weapon)
Armour
 b - a +0 scale mail (worn)
 c - a +0 shield (worn)
 e - a +0 pair of gloves (worn)
 r - a +0 cloak (worn)
Jewellery
 h - a ring of sustain attributes (left hand)
 y - an amulet of magic regeneration (around neck)
 A - a cursed ring of teleportation {unknown}
Wands
 p - a wand of slowing (8/48)
 v - a wand of lightning (8/15)
Scrolls
 d - 4 scrolls of remove curse {unknown}
 i - 6 scrolls of identify {unknown}
 k - a scroll of random uselessness {unknown}
 m - a scroll of blinking {unknown}
 s - a scroll of enchant weapon {unknown}
 x - a scroll of immolation {unknown}
 z - a scroll of amnesia {unknown}
 C - a scroll of enchant armour {unknown}
Potions
 g - 4 potions of flight {unknown}
 l - 2 potions of curing
 o - 3 potions of ambrosia {unknown}
 u - 2 potions of heal wounds {unknown}
 w - a potion of brilliance {unknown}
 B - a potion of agility {unknown}
 D - a potion of degeneration {unknown}
Books
 E - a book of Dreams

   Spells                             Type                      Level
   a - Ensorcelled Hibernation        Hexes/Ice                    2
   b - Silence                        Hexes/Air                    5
   c - Darkness                       Hexes                        6
   d - Shadow Creatures               Summoning                    6
Comestibles
 f - 3 bread rations
 j - a fruit
 n - 4 slices of pizza
 q - 2 meat rations
 t - a beef jerky
 F - 6 chunks of flesh


   Skills:
 + Level 7.2 Fighting
 + Level 6.3 Axes
 + Level 7.1 Armour
 + Level 5.0 Dodging
 + Level 8.2 Shields
 + Level 5.5 Invocations


You had 9 spell levels left.
You didn't know any spells.

Dungeon Overview and Level Annotations

Branches:
Dungeon (6/15)
 Temple: D:4-7

Altars:
Cheibriados
Elyvilon
Fedhas
Gozag
Kikubaaqudgha
Makhleb
Okawaru
Pakellas
Qazlal
Sif Muna
Trog
Xom
Zin
The Shining One

Shops:
D:5 %


Innate Abilities, Weirdness & Mutations

You are under a permanent stasis effect.
You can dig through walls and to a lower floor.
Your four strong arms can wield two-handed weapons with a shield.
You have a pair of large antennae on your head (SInv).


Message History

You feel better. You block the orc warrior's attack.
You don't have enough magic at the moment.
Unknown command.
Okay, then.
You slash the orc warrior!
The orc warrior is almost dead.
You block the orc knight's attack. The orc warrior misses you.
The eye of draining gazes at you.
You feel your power leaking away.
Unknown command.
Okay, then.
You hit the orc warrior but do no damage.
The orc warrior is almost dead.
The orc knight closely misses you. The orc warrior barely misses you.
You hit the orc warrior but do no damage.
The orc warrior is almost dead.
The orc knight hits you from afar with a halberd!
* * * LOW HITPOINT WARNING * * *
The orc warrior hits you with a dire flail of protection!!
You die...

#####..###........####.......
#....#........#..#.......
#....#........#..#.......
#....#........#..'.......
#....#.##################
#....#.#........÷'.......
##...#.#.........#.......
#...###.........#.......
#...#.#@........#8......
#...#.#o##############'#
#...#.#Oo....o. #..
##....#HD......{ #..
######G....... #.. #........
#.. #........ #.# #........
#.. #......GH #.⌠


You could see an orc knight, a manticore, an eye of draining, a two-headed ogre,
an orc warrior and a mottled dragon.

Vanquished Creatures
  Pikel (D:4)
  The ghost of mistymad the Covered, a novice GrFi of Okawaru (D:6)
  Prince Ribbit (D:5)
  Eustachio (D:4)
  A hungry ghost (D:5)
  Edmund (D:5)
  The ghost of herpmino the Skirmisher, an amateur GrAs (D:4)
  Duvessa (D:5)
  A slave (D:4)
  A wasp (D:6)
  An ogre (D:4)
  A big kobold (Sewer)
  Blork the orc (D:5)
  2 giant frogs (D:6)
  Dowan (D:5)
  2 scorpions
  5 wights (D:5)
  2 howler monkeys (D:4)
  3 hounds
  2 orc priests (D:4)
  2 jellies
  4 orc wizards
  3 giant frog skeletons
  5 iguanas
  4 worker ants
  A worker ant zombie (D:5)
  4 gnolls
  12 adders
  5 river rats
  2 oozes (D:4)
  An adder zombie (D:5)
  A dart slug (D:3)
  3 worms
  2 giant geckos
  11 orcs
  6 bats
  8 giant cockroaches
  12 goblins
  11 hobgoblins
  13 jackals
  16 kobolds
  5 quokkas
  6 ball pythons
  6 giant newts
  52 rats
225 creatures vanquished.

Vanquished Creatures (others)
  An adder (D:4)
  An adder skeleton (D:4)
  2 orcs
  A ball python (D:4)
5 creatures vanquished.

Grand Total: 230 creatures vanquished

Notes
Turn   | Place    | Note
--------------------------------------------------------------
     0 | D:1      | mistymad the Formicid Fighter began the quest for the Orb.
     0 | D:1      | Reached XP level 1. HP: 18/18 MP: 1/1
    22 | D:1      | Reached XP level 2. HP: 4/24 MP: 2/2
   380 | D:1      | Reached skill level 4 in Shields
   392 | D:1      | Reached XP level 3. HP: 22/29 MP: 3/3
   711 | D:1      | Reached skill level 1 in Dodging
  1123 | D:1      | Reached XP level 4. HP: 29/37 MP: 4/4
  1508 | D:2      | Reached XP level 5. HP: 42/42 MP: 5/5
  1648 | D:2      | Found a stormy altar of Qazlal.
  2310 | D:2      | Found a burning altar of Makhleb.
  2316 | D:2      | Found a shimmering altar of Xom.
  2571 | D:3      | Found a snail-covered altar of Cheibriados.
  2589 | D:3      | Became a worshipper of Cheibriados the Contemplative
  2816 | D:3      | Found a glowing drain.
  2822 | D:3      | Reached XP level 6. HP: 12/48 MP: 6/6
  2953 | Sewer    | Entered a sewer
  3163 | Sewer    | Reached skill level 5 in Shields
  3233 | Sewer    | Found a white marble altar of Elyvilon.
  3305 | D:3      | Found an oddly glowing altar of Pakellas.
  3306 | D:3      | Reached * piety under Cheibriados
  3334 | D:3      | Found an opulent altar of Gozag.
  3491 | D:3      | Reached XP level 7. HP: 23/55 MP: 7/7
  3891 | D:3      | Reached ** piety under Cheibriados
  4239 | D:4      | Reached skill level 1 in Invocations
  4244 | D:4      | Reached skill level 5 in Fighting
  4253 | D:4      | Noticed herpmino's ghost (amateur GrAs)
  4286 | D:4      | Killed herpmino's ghost
  4581 | D:4      | Reached skill level 5 in Armour
  4581 | D:4      | Reached XP level 8. HP: 61/62 MP: 9/9
  4826 | D:4      | Found a burning altar of Makhleb.
  5001 | D:4      | Reached *** piety under Cheibriados
  5010 | D:4      | Noticed Pikel
  5010 | D:4      | Found a glowing silver altar of Zin.
  5052 | D:4      | Killed Pikel
  5052 | D:4      | Reached skill level 6 in Shields
  5450 | D:4      | Noticed Eustachio
  5523 | D:4      | Killed Eustachio
  5523 | D:4      | Reached XP level 9. HP: 38/69 MP: 11/11
  6393 | D:3      | Reached **** piety under Cheibriados
  6442 | D:3      | Reached skill level 5 in Axes
  6589 | D:5      | Entered Level 5 of the Dungeon
  6589 | D:5      | Noticed Duvessa
  6592 | D:5      | Noticed Dowan
  6599 | D:5      | Killed Duvessa
  6612 | D:5      | Killed Dowan
  6647 | D:5      | Noticed Blork the orc
  6663 | D:5      | Killed Blork the orc
  6665 | D:5      | Found a blossoming altar of Fedhas.
  6924 | D:5      | Noticed Prince Ribbit
  6931 | D:5      | Found a glowing golden altar of the Shining One.
  6939 | D:5      | Killed Prince Ribbit
  6939 | D:5      | Reached skill level 7 in Shields
  7779 | D:5      | Found Xiowo's Food Shoppe.
  7779 | D:5      | Noticed Edmund
  7804 | D:5      | Reached ***** piety under Cheibriados
  7818 | D:5      | Killed Edmund
  8077 | D:6      | Found a glowing silver altar of Zin.
  8091 | D:6      | Found a white marble altar of Elyvilon.
  8118 | D:6      | Reached skill level 5 in Invocations
  8126 | D:6      | Noticed mistymad's ghost (novice GrFi)
  8139 | D:6      | Killed mistymad's ghost
  8139 | D:6      | Reached XP level 10. HP: 59/79 MP: 13/13
  8228 | D:6      | Found a deep blue altar of Sif Muna.
  8228 | D:6      | Found a bloodstained altar of Trog.
  8229 | D:6      | Found an ancient bone altar of Kikubaaqudgha.
  8280 | D:6      | Found an iron altar of Okawaru.
  8662 | D:6      | Reached skill level 8 in Shields
  8888 | D:6      | Noticed a manticore
  8900 | D:6      | Noticed an orc knight
  8904 | D:6      | Reached skill level 5 in Dodging
  8915 | D:6      | Slain by an orc warrior

Skill      XL: |  1  2  3  4  5  6  7  8  9 10 |
---------------+-------------------------------+-----
Shields        | 4 5 6 7 8 |  8.2
Dodging        | 1 2 3 4 5 |  5.0
Fighting       | 4 5 6 7 |  7.2
Armour         | 4 5 6 7 |  7.1
Axes           | 3 4 5 6 |  6.3
Invocations    | 2 3 5 |  5.5

Action                   |  1- 3 |  4- 6 |  7- 9 | 10-12 || total
-------------------------+-------+-------+-------+-------++-------
Melee: War axe           |   101 |   196 |   461 |    59 ||   817
Invok: Step From Time    |       |       |       |     1 ||     1
       Slouch            |       |       |       |     1 ||     1
 Abil: Dig               |       |       |     3 |     2 ||     5
  Use: Potion            |     1 |       |       |     1 ||     2
  Eat: Chunk             |     1 |     8 |     9 |     2 ||    20
       Fruit             |       |       |     1 |       ||     1
Armor: Scale mail        |    46 |    88 |   182 |    11 ||   327
Dodge: Dodged            |    30 |    86 |   235 |    26 ||   377
Block: Shield            |    60 |   126 |   317 |    53 ||   556
